 Dungeon Crawl Stone Soup version 0.31-a0-180-g519b7de00c (webtiles) character file.

Game seed: 4878100368023501873

30 qw the Shooter (level 3, -6/32 HPs)
             Began as a Naga Hunter on June 19, 2023.
             Killed from afar by Sigmund (9 damage)
             ... with a puff of flame
             ... on level 2 of the Dungeon.
             The game lasted 00:00:19 (980 turns).

qw the Shooter (Naga Hunter)                         Turns: 980, Time: 00:00:20

Health: -6/32      AC:  2    Str: 13    XL:     3   Next: 20%
Magic:  3/3        EV: 14    Int:  9    God:
Gold:   39         SH:  0    Dex: 16    Spells: 2/2 levels left

rFire   . . .        Y - +0 shortbow
rCold   . . .        (shield currently unavailable)
rNeg    . . .        c - +0 leather armour
rPois   +            (no helmet)
rElec   .            (no cloak)
rCorr   .            (no gloves)
SInv    +            (no barding)
Will    .....        (no amulet)
Stlth   ++           d - +5 ring of evasion
HPRegen 0.25/turn    (no ring)
MPRegen 0.08/turn

%: no passive effects
@: short of breath, very slow
A: AC +1, large, see invisible, deformed body, poison resistance, slowness 2,
spit poison 1, naga tail 1
a: Spit Poison


You were on level 2 of the Dungeon.
You visited 1 branch of the dungeon, and saw 2 of its levels.

You collected 39 gold pieces.


Innate Abilities, Weirdness & Mutations

Your serpentine skin is tough. (AC +1)
You have supernaturally acute eyesight. (SInv)
Armour fits poorly on your strangely shaped body.
Your system is resistant to poisons. (rPois)
You cover ground very slowly.
You can spit poison.
You have a snake-like lower body.


   Skills:
 - Level 2.0 Fighting
 + Level 4.5 Ranged Weapons
 - Level 1.5 Dodging
 - Level 1.5 Stealth


You had 2 spell levels left.
You didn't know any spells.
Your spell library was empty.

Inventory:

Hand Weapons
 Y - a +0 shortbow (weapon)
Armour
 c - a +0 leather armour (worn)
Jewellery
 d - a +5 ring of evasion (left hand)
Scrolls
 a - 2 scrolls of identify
Potions
 b - a potion of haste
 e - a potion of curing
 f - a potion of magic {unknown}

Dungeon Overview and Level Annotations

Branches:
Dungeon (2/15)

Altars:

Annotations:
D:2 Sigmund


Message History

Enter note:
Enter note:
Enter note:
Enter note:
Enter note:
972 ||| READING 3 scrolls of identify.
As you read the scroll of identify, it crumbles to dust.
b - a potion of haste;
972 ||| IDENTIFYING yellow potion Sigmund looks more healthy.
Sigmund closely misses you.
Enter note:
Enter note:
Enter note:
Enter note:
974 ||| FLEEEEING.
975 ||| STILL FLEEEEING.
976 ||| INVOKING Spit Poison.
Aiming: Spit Poison (2% risk of failure)
Press: ? - help, Shift-Dir - straight line, f/p - Sigmund The splash of poison misses Sigmund.
Sigmund hits you from afar with a +0 scythe.
You shoot an arrow. The arrow hits Sigmund.
Sigmund is heavily wounded.
You shoot an arrow.
The arrow hits Sigmund but does no damage.
Sigmund is heavily wounded.
Sigmund hits you from afar with a +0 scythe.
You shoot an arrow.
The arrow hits Sigmund but does no damage.
Sigmund is heavily wounded.
You have got your breath back.
Sigmund gestures at you while chanting. The puff of flame hits you!
980 ||| INVOKING Spit Poison.
Aiming: Spit Poison (2% risk of failure)
Press: ? - help, Shift-Dir - straight line, f/p - Sigmund The splash of poison hits Sigmund.
Sigmund is heavily wounded.
Sigmund points at you and mumbles some strange words.
The puff of flame hits you!
You die...

#.............####.##.###.#
......###%#...####.##.# #.#
##...........).....##.# #.#
..........#...%.......# #.#
###.##.##......###.######.#
#.#.......#..# #........#
###.##....#.#..# #..#####.#
....##....#...####..# #.#
....##.#.####<..@.@.# #.#
########## #.#####.# ### #
#.# #......@# #########


You could see Sigmund (invisible).

Vanquished Creatures
  A worm (D:2)
  6 ball pythons
  2 bats (D:2)
  2 giant cockroaches
  2 goblins (D:1)
  A hobgoblin (D:1)
  4 jackals (D:2)
  A quokka (D:2)
  4 frilled lizards
  3 kobolds
  A rat (D:1)
27 creatures vanquished.

Notes
Turn   | Place    | Note
-------+----------+-------------------------------------------
     0 | D:1      | qw the Naga Hunter began the quest for the Orb.
     0 | D:1      | Reached XP level 1. HP: 19/19 MP: 1/1
     0 | D:1      | 0 ||| qw: Version: 0.3-a-7-ge0c9b40
     0 | D:1      | 0 ||| qw: Game counter: 994
     0 | D:1      | 0 ||| qw: Always use a shield: true
     0 | D:1      | 0 ||| qw: God list: Okawaru
     0 | D:1      | 0 ||| qw: Allow faded altars: false
     0 | D:1      | 0 ||| qw: Do Orc after D:15 true
     0 | D:1      | 0 ||| qw: Do second Lair branch before Depths: true
     0 | D:1      | 0 ||| qw: Lair rune preference: random
     0 | D:1      | 0 ||| qw: Plans: Normal
     0 | D:1      | 0 ||| PLANNING D:1-11
   114 | D:1      | 114 ||| INVOKING Spit Poison.
   137 | D:1      | 137 ||| INVOKING Spit Poison.
   146 | D:1      | 146 ||| INVOKING Spit Poison.
   157 | D:1      | Reached skill level 4 in Ranged Weapons
   157 | D:1      | Reached XP level 2. HP: 26/26 MP: 2/2
   171 | D:1      | 171 ||| INVOKING Spit Poison.
   183 | D:1      | 183 ||| INVOKING Spit Poison.
   446 | D:1      | 446 ||| INVOKING Spit Poison.
   449 | D:1      | 449 ||| INVOKING Spit Poison.
   472 | D:1      | 472 ||| INVOKING Spit Poison.
   625 | D:1      | 625 ||| READING 3 scrolls labelled JOIPSE MEASM.
   626 | D:1      | 626 ||| READING scroll labelled QED RAAVIMIPS.
   674 | D:1      | 674 ||| DRINKING 2 fuming emerald potions.
   675 | D:1      | 675 ||| READING 2 scrolls of identify.
   675 | D:1      | 675 ||| IDENTIFYING sedimented pink potion
   676 | D:1      | 676 ||| DROPPING scroll of butterflies.
   677 | D:1      | 677 ||| DROPPING potion of degeneration.
   699 | D:2      | 699 ||| INVOKING Spit Poison.
   707 | D:2      | 707 ||| INVOKING Spit Poison.
   710 | D:2      | 710 ||| INVOKING Spit Poison.
   719 | D:2      | 719 ||| INVOKING Spit Poison.
   724 | D:2      | 724 ||| FLEEEEING.
   725 | D:2      | 725 ||| FLEEEEING.
   726 | D:2      | 726 ||| FLEEEEING.
   727 | D:2      | 727 ||| FLEEEEING.
   730 | D:2      | 730 ||| INVOKING Spit Poison.
   736 | D:2      | 736 ||| INVOKING Spit Poison.
   739 | D:2      | Reached XP level 3. HP: 32/32 MP: 3/3
   768 | D:2      | 768 ||| INVOKING Spit Poison.
   805 | D:2      | 805 ||| INVOKING Spit Poison.
   840 | D:2      | 840 ||| INVOKING Spit Poison.
   934 | D:2      | 934 ||| INVOKING Spit Poison.
   966 | D:2      | Noticed Sigmund
   967 | D:2      | 967 ||| INVOKING Spit Poison.
   970 | D:2      | 970 ||| UPGRADING to +5 ring of evasion.
   972 | D:2      | 972 ||| READING 3 scrolls of identify.
   972 | D:2      | 972 ||| IDENTIFYING yellow potion
   974 | D:2      | 974 ||| FLEEEEING.
   976 | D:2      | 976 ||| INVOKING Spit Poison.
   979 | D:2      | HP: 3/32 [Sigmund/puff of flame (7)]
   980 | D:2      | 980 ||| INVOKING Spit Poison.
   980 | D:2      | Killed from afar by Sigmund

Levels and vault maps discovered:
D:1:      lemuel_arrival_funnel, layout_basic, hex_large
D:2:      layout_basic, minmay_misc_feat_tower, kennysheep_minor_cross,
          uniq_sigmund

Skill      XL: |  1 |
---------------+----+-----
Ranged Weapons | 4 |  4.5
Fighting       | |  2.0
Dodging        | |  1.5
Stealth        | |  1.5

Action                     || total
---------------------------++-------
   Fire: Shortbow          ||    39
Ability: Spit Poison       ||    21
    Use: Scroll            ||     4
         Potion            ||     1
 Armour: Leather armour    ||     1
  Dodge: Dodged            ||     3

Table legend:
 A = Non-vault XP
 B = Vault XP
 C = Vault XP percentage of total XP
 D = Non-vault monster count
 E = Vault monster count
 F = Vault count percentage of total count
                 A         B        C        D         E       F
            +---------+---------+-------+---------+---------+-------
      Total |      44 |       0 |   0.0 |      27 |       0 |   0.0
            +---------+---------+-------+---------+---------+-------
        D:1 |      18 |       0 |   0.0 |      12 |       0 |   0.0
        D:2 |      26 |       0 |   0.0 |      15 |       0 |   0.0
            +---------+---------+-------+---------+---------+-------
